 Dungeon Crawl Stone Soup version 0.28.0 (webtiles) character file.

Game seed: 1006158906106396657

55617 croobank the Messiah (level 14, -2/105 HPs)
             Began as a Hill Orc Fighter on Feb 16, 2022.
             Was the Champion of Beogh.
             Slain by a moth of wrath (14 damage)
             ... on level 1 of the Spider Nest on Feb 17, 2022.
             The game lasted 02:09:46 (18886 turns).

croobank the Messiah (Hill Orc Fighter)            Turns: 18886, Time: 02:10:16

Health: -2/105     AC: 16    Str: 24    XL:     14   Next: 78%
Magic:  0/33       EV: 13    Int:  8    God:    Beogh [******]
Gold:   1776       SH:  0    Dex: 10    Spells: 13/13 levels left

rFire   . . .      SeeInvis .   o - +4 quarterstaff (spect)
rCold   . . .      Faith    .   (shield currently unavailable)
rNeg    . . .      Spirit   +   X - +4 moon troll leather armour {Spirit, Regen++ MP+5}
rPois   .          Reflect  .   y - +0 helmet
rElec   .          Harm     .   t - +0 cloak
rCorr   .          Rampage  .   v - +0 pair of gloves
Will    ++...                   p - +2 pair of boots
Stlth   +.........              (no amulet)
HPRegen 1.87/turn               T - ring of willpower
MPRegen 0.23/turn               F - +4 ring of slaying

@: marked, slowed, studying Poison Magic, very slow
A: walk on water
a: Renounce Religion, Smiting, Recall Orcish Followers, Give Item to Named
Follower, Resurrection


You were on level 1 of the Spider Nest.
You worshipped Beogh.
Beogh was exalted by your worship.
You visited 4 branches of the dungeon, and saw 19 of its levels.
You also visited: Sewer.

You collected 2097 gold pieces.
You spent 321 gold pieces at shops.

Inventory:

Hand Weapons
 a - a +1 war axe of flaming
 o - a +4 spectral quarterstaff (weapon)
 x - a +4 rapier of speed
 U - the +7 mace of Compulsion {vorpal, +Blink Int+4}
   (You found it on level 10 of the Dungeon)

   It inflicts extra damage upon your enemies.
   Int:       It affects your intelligence (+4).
   +Blink:    It lets you blink.
Missiles
 C - 310 arrows
 K - 6 atropa-tipped darts (quivered)
Armour
 p - a +2 pair of boots (worn)
 t - a +0 cloak (worn)
 v - a +0 pair of gloves (worn)
 w - a +4 plate armour of willpower
 y - a +0 helmet (worn)
 G - a +2 ring mail of fire resistance
 M - the +8 plate armour of the Catamount {rF+}
   (You found it on level 5 of the Lair of Beasts)

   rF:        It protects you from fire.
 N - a +0 chain mail of cold resistance
 X - the +4 moon troll leather armour (worn) {Spirit, Regen++ MP+5}
   (You took it off a hobgoblin on level 8 of the Dungeon)

   MP:        It affects your magic capacity (+5).
   Regen:     It increases your rate of health regeneration.
Jewellery
 e - a ring of positive energy
 r - a ring of protection from fire
 F - a +4 ring of slaying (right hand)
 T - a ring of willpower (left hand)
 W - a ring of see invisible
Wands
 b - a wand of iceblast (2)
 i - a wand of mindburst (13)
 D - a wand of charming (11)
 E - a wand of flame (29)
 H - a wand of digging (12)
 V - a wand of polymorph (17)
 Z - a wand of acid (2)
Scrolls
 h - a scroll of magic mapping
 j - 16 scrolls of teleportation
 A - a scroll of silence
 B - a scroll of summoning
 I - 4 scrolls of enchant armour
 L - 4 scrolls of identify
 P - 4 scrolls of blinking
 Q - a scroll of fog
 R - a scroll of holy word
Potions
 d - a potion of might
 f - 3 potions of lignification
 k - a potion of haste
 l - 2 potions of resistance
 m - 13 potions of curing
 n - a potion of cancellation
 q - 3 potions of mutation
 u - 6 potions of berserk rage
 z - 4 potions of heal wounds
 J - 2 potions of flight
 O - 3 potions of attraction
 S - a potion of magic
 Y - 7 potions of ambrosia
Miscellaneous
 c - a lightning rod (4/4)
 g - a phantom mirror
 s - a phial of floods


   Skills:
 - Level 4.5 Fighting
 - Level 4.1(6.7) Axes
 + Level 6.9(12.2) Polearms
 - Level 12.9(13.4) Staves
 + Level 8.2 Armour
 + Level 5.1 Dodging
 + Level 8.1 Shields
 - Level 21.0 Invocations


You had 13 spell levels left.
You didn't know any spells.
Your spell library contained the following spells:

 Spells                   Type           Power      Damage    Failure   Level
 Animate Skeleton         Necr           0%         N/A       43%         1
 Apportation              Tloc           0%         N/A       43%         1
 Pain                     Necr           0%         1d4       43%         1
 Sandblast                Erth           0%         2d4       43%         1
 Corpse Rot               Necr/Air       0%         N/A       58%         2
 Ensorcelled Hibernation  Hex/Ice        0%         N/A       58%         2
 Passwall                 Tmut/Erth      0%         N/A       58%         2
 Poisonous Vapours        Pois/Air       0%         N/A       58%         2
 Conjure Flame            Conj/Fire      0%         6-21      82%         3
 Frozen Ramparts          Ice            0%         1d2       82%         3
 Gell's Gravitas          Tloc           0%         N/A       82%         3
 Inner Flame              Hex/Fire       0%         N/A       82%         3
 Portal Projectile        Hex/Tloc       0%         N/A       82%         3
 Spider Form              Tmut/Pois      0%         N/A       82%         3
 Stone Arrow              Conj/Erth      0%         3d7       82%         3
 Summon Guardian Golem    Hex/Summ       0%         N/A       82%         3
 Teleport Other           Tloc           0%         N/A       82%         3
 Vampiric Draining        Necr           0%         2d6       82%         3
 Anguish                  Hex/Necr       0%         N/A       99%         4
 Cause Fear               Hex            0%         N/A       99%         4
 Ice Form                 Ice/Tmut       0%         N/A       99%         4
 Iskenderun's Mystic Bla  Conj/Tloc      0%         2d3       99%         4
 Summon Ice Beast         Ice/Summ       0%         N/A       99%         4
 Alistair's Intoxication  Tmut/Pois      0%         N/A       100%        5
 Borgnjor's Vile Clutch   Necr/Erth      0%         N/A       100%        5
 Dispersal                Tloc           0%         N/A       100%        6
 Eringya's Noxious Bog    Tmut/Pois      0%         N/A       100%        6
 Discord                  Hex            0%         N/A       100%        8


Dungeon Overview and Level Annotations

Branches:
Dungeon (10/15)            Temple (0/1) D:5            Lair (6/6) D:10
  Swamp (0/4) Lair:3       Spider (1/4) Lair:4        Slime (0/5) Lair:6
    Orc (2/2) D:10            Elf (0/3) Orc:2         Sewer (visited)

Altars:
Ashenzari
Hepliaklqana
Qazlal
Ru
Sif Muna
Trog
The Shining One
Beogh
Jiyva

Shops:
D:9 =   D:10 *   Orc:2 [*[(:

Annotations:
D:3 1 runed translucent door, Crazy Yiuf
Spider:1 Azrael


Message History

The redback bites Worak!!
The tarantella touches Worak.
Azrael barely misses you.
The redback barely misses Olfrun.
A redback comes into view.
The moth of wrath bites you.
* * * LOW HITPOINT WARNING * * *
Worak hits the redback with a +0 battleaxe!!!
The redback dies!
Beogh accepts your kill.
Worak hits the tarantella with a +0 battleaxe.
Worak hits Azrael with a +0 battleaxe!!
The hell hound bites Olfrun but does no damage.
The fire elemental hits you. The fire elemental burns you!
* * * LOW HITPOINT WARNING * * *
The tarantella touches Worak!
Worak appears confused.
Azrael hits you but does no damage.
Olfrun hits Azrael with a +2 broad axe!!
Olfrun hits the torpor snail with a +2 broad axe!!
Olfrun hits the redback with a +2 broad axe!!!
The redback dies!
Beogh accepts your kill.
Olfrun hits the hell hound with a +2 broad axe!
Olfrun barely misses the fire elemental.
The jumping spider leaps!
You are too confused!
Okay, then.
You feel better.
Olfrun burns!
Olfrun stops burning.
The tarantella touches Worak!
Worak dies!
The hell hound bites Olfrun but does no damage.
The moth of wrath goads the torpor snail on!
The torpor snail goes berserk!
The tarantella misses you.
A redback comes into view.
The fire elemental hits you. The fire elemental burns you!
* * * LOW HITPOINT WARNING * * *
The jumping spider leaps!
A culicivora comes into view.
The moth of wrath bites you!
You die...

........ ....s#
#..#^... ....=.
......#. .....#.
..#..... .......
.....?..#..#s.#
......s#s†°.s.##
#.....ssw.†...s.
#.†@Ro†.s..#
#.y#Ehs....#
...##°○..#..#.
#... i#.......#
..# EE○........
. R○ .......#


y°y ........# ... ...#....## You could see Azrael, a torpor snail (berserk), a
demonic crawler, a moth of wrath, an orb spider (charged), a culicivora, a fire
elemental, 2 jumping spiders, 3 tarantellas, a hell hound (ally target), 2
redbacks and the friendly Olfrun the orc knight (strong, slow).

Vanquished Creatures
  3 hydras
  A catoblepas (Lair:6)
  4 two-headed ogres
  4 death yaks (Lair:6)
  Pikel (D:6)
  A lindwurm (Lair:4)
  An orc sorcerer (Orc:2)
  2 manticores (D:8)
  6 elephants
  3 black mambas
  7 cane toads
  10 komodo dragons
  3 rime drakes
  2 polar bears (Lair:6)
  A merfolk (D:8)
  6 trolls
  A queen bee (Lair:3)
  2 blink frogs
  2 wraiths
  35 yaks
  6 wyverns
  A basilisk (D:10)
  A fire elemental (Spider:1)
  3 hogs (D:8)
  Grum (D:9)
  A redback (Spider:1)
  An acid dragon (D:7)
  14 water moccasins
  8 orc warriors
  A sky beast (D:7)
  9 black bears
  A necrophage (D:6)
  7 ogres
  18 wolves
  5 centaurs
  4 lemures (D:6)
  6 bullfrogs
  2 kobold brigands
  3 gnoll sergeants
  A wyvern zombie (D:7)
  5 scorpions
  A water moccasin skeleton (D:4)
  15 killer bees
  9 electric eels
  3 centaur zombies
  3 hounds (D:5)
  3 jellies
  10 orc priests
  2 gnoll shamans (D:8)
  A centaur skeleton (D:6)
  6 iguanas
  8 orc wizards
  2 hell rats (Lair:2)
  12 gnolls
  8 adders
  A river rat (D:4)
  A shadow imp (D:5)
  A white imp (D:8)
  An ufetubus (D:5)
  6 worms
  A dart slug (D:4)
  35 orcs
  4 ball pythons (D:1)
  6 endoplasms
  4 giant cockroaches
  8 hobgoblins
  12 jackals
  4 quokkas
  5 bats
  3 frilled lizards
  9 goblins
  14 kobolds
  3 rats
  A plant (D:8)
395 creatures vanquished.

Vanquished Creatures (collateral kills)
  Agnes (Spider:1)
  An orc warlord (Orc:2)
  An ice dragon (Lair:5)
  A hydra (Lair:6)
  A boulder beetle (D:7)
  A death knight (D:7)
  10 death yaks
  A deep troll shaman (Lair:6)
  An orc high priest (Orc:2)
  Nergalle (Lair:2)
  2 sun moths (Spider:1)
  An orc sorcerer (Orc:1)
  A will-o-the-wisp (Lair:3)
  Maurice (Orc:1)
  2 cyclopes
  20 elephants
  4 black mambas
  3 cane toads
  6 komodo dragons
  A freezing wraith (D:10)
  A polar bear (Lair:4)
  4 trolls
  A tarantella (Spider:1)
  8 blink frogs
  6 dream sheep (Lair:4)
  23 yaks
  A fire elemental (Spider:1)
  2 wyverns
  A steam dragon (D:7)
  5 redbacks (Spider:1)
  A warg (Orc:2)
  8 orc warriors
  4 water moccasins
  A black bear (Lair:6)
  A wolf (D:9)
  7 ogres
  2 gnoll sergeants (D:10)
  2 scorpions (Lair:4)
  3 bullfrogs
  A water moccasin skeleton (D:7)
  18 killer bees
  An electric eel (Lair:5)
  An orc priest (Orc:1)
  An iguana (D:7)
  8 orc wizards
  5 hell rats (Lair:2)
  3 gnolls
  A worm (Lair:4)
  7 orcs
  3 goblins
  2 kobolds (D:9)
  A plant (Lair:6)
193 creatures vanquished.

Vanquished Creatures (others)
  3 orc knights
  An orc high priest (Lair:6)
  A fire elemental (Spider:1)
  10 orc priests
  9 orc warriors
  7 orc wizards
  38 orcs
  An endoplasm (D:4)
  A goblin (D:4)
  A fire vortex (Lair:5)
  56 fungi
  108 plants
236 creatures vanquished.

Grand Total: 824 creatures vanquished

Notes
Turn   | Place    | Note
-------+----------+-------------------------------------------
     0 | D:1      | croobank the Hill Orc Fighter began the quest for the Orb.
     0 | D:1      | Reached XP level 1. HP: 19/19 MP: 1/1
   108 | D:1      | Reached XP level 2. HP: 21/27 MP: 2/2
   528 | D:1      | Reached XP level 3. HP: 28/33 MP: 3/3
  1122 | D:2      | Reached XP level 4. HP: 31/40 MP: 4/4
  1658 | D:2      | Reached XP level 5. HP: 10/47 MP: 5/5
  2148 | D:2      | Got the Catalogue of Enchantment
  2439 | D:3      | Reached skill level 1 in Staves
  2830 | D:3      | Found a runed translucent door.
  2831 | D:3      | Noticed Crazy Yiuf
  3044 | D:4      | Identified the +1 robe "Cuuzin" {rPois}
  3051 | D:4      | Became a worshipper of Beogh the Brigand
  3160 | D:4      | Reached XP level 6. HP: 50/53 MP: 6/6
  3213 | D:4      | Found a broken altar of Ashenzari.
  3602 | D:4      | Reached XP level 7. HP: 60/60 MP: 7/7
  3757 | D:4      | Found a glowing drain.
  3767 | Sewer    | Entered a sewer
  3779 | Sewer    | Reached * piety under Beogh
  3830 | Sewer    | Reached skill level 5 in Staves
  3985 | D:5      | Entered Level 5 of the Dungeon
  4300 | D:5      | Reached XP level 8. HP: 61/67 MP: 8/8
  4468 | D:5      | Identified the +7 dagger "Caaseily" {drain, rCorr}
  4477 | D:5      | Found a staircase to the Ecumenical Temple.
  5190 | D:6      | Reached ** piety under Beogh
  5660 | D:6      | Noticed Pikel
  5702 | D:6      | Killed Pikel
  5703 | D:6      | Reached XP level 9. HP: 63/72 MP: 9/9
  6044 | D:7      | Reached skill level 10 in Staves
  6199 | D:7      | You fall into a shaft and drop 3 floors!
  6199 | D:10     | Entered Level 10 of the Dungeon
  6277 | D:10     | Found a hazy altar of Hepliaklqana.
  6324 | D:10     | Noticed a troll
  6330 | D:10     | Killed a troll
  6374 | D:10     | Noticed a komodo dragon
  6382 | D:10     | Killed a komodo dragon
  6646 | D:10     | Reached XP level 10. HP: 47/80 MP: 10/10
  6669 | D:10     | Found a staircase to the Lair.
  6678 | D:10     | Reached *** piety under Beogh
  6719 | Lair:1   | Entered Level 1 of the Lair of Beasts
  6893 | D:10     | Found Municin's General Store.
  6898 | D:10     | Bought 3 potions of berserk rage for 165 gold pieces
  6928 | D:10     | Identified the +7 mace of Compulsion {vorpal, +Blink Int+4}
  6986 | D:8      | Reached skill level 1 in Invocations
  6989 | D:8      | Reached skill level 2 in Invocations
  7031 | D:8      | Reached skill level 3 in Invocations
  7569 | D:8      | Found a sacrificial altar of Ru.
  7580 | D:8      | Reached skill level 4 in Invocations
  7586 | D:8      | Reached skill level 5 in Invocations
  7588 | D:8      | Reached skill level 6 in Invocations
  7866 | D:8      | Reached skill level 7 in Invocations
  7964 | D:8      | Reached skill level 8 in Invocations
  7964 | D:8      | Reached XP level 11. HP: 78/85 MP: 15/17
  8264 | D:8      | Reached skill level 9 in Invocations
  8378 | D:8      | Reached **** piety under Beogh
  8381 | D:8      | Noticed a two-headed ogre
  8394 | D:8      | Killed a two-headed ogre
  8395 | D:8      | Reached skill level 10 in Invocations
  8693 | D:8      | Noticed a manticore
  8701 | D:8      | Killed a manticore
  8718 | D:8      | Reached skill level 11 in Invocations
  8833 | D:8      | Noticed a two-headed ogre
  8834 | D:8      | Noticed a two-headed ogre
  8867 | D:8      | Killed a two-headed ogre
  8873 | D:8      | Killed a two-headed ogre
  8874 | D:8      | Reached skill level 12 in Invocations
  9131 | D:8      | Noticed a manticore
  9137 | D:8      | Killed a manticore
  9138 | D:8      | Reached skill level 13 in Invocations
  9808 | D:7      | Found a shimmering blue altar of Sif Muna.
  9810 | D:7      | Found a glowing golden altar of the Shining One.
  9867 | D:7      | Noticed a death knight
  9867 | D:7      | Noticed a boulder beetle
  9877 | D:7      | Noticed a cyclops
  9881 | D:7      | Killed a boulder beetle
  9882 | D:7      | Reached skill level 14 in Invocations
  9892 | D:7      | Found a stormy altar of Qazlal.
  9894 | D:7      | Killed a death knight
 10025 | D:7      | Reached XP level 12. HP: 92/92 MP: 23/23
 10034 | D:7      | Reached skill level 15 in Invocations
 10061 | D:7      | Identified the +8 chain mail of Hangman {-Tele Contam rC+++
                  | Int+8}
 10766 | D:9      | Noticed a two-headed ogre
 10771 | D:9      | Killed a two-headed ogre
 10779 | D:9      | Reached ***** piety under Beogh
 10783 | D:9      | Gained Argrim as an ally
 10878 | D:9      | Found Lobesir's Jewellery Shoppe.
 10899 | D:9      | Noticed Grum
 10906 | D:9      | Killed Grum
 11241 | D:10     | Reached skill level 16 in Invocations
 11510 | D:10     | Found a staircase to the Orcish Mines.
 11543 | D:10     | Reached skill level 17 in Invocations
 11739 | Orc:1    | Entered Level 1 of the Orcish Mines
 11857 | Orc:2    | Entered Level 2 of the Orcish Mines
 11926 | Orc:2    | Found a staircase to the Elven Halls.
 12173 | Orc:2    | Found Qouvealu's Armour Emporium.
 12297 | Orc:2    | Found a roughly hewn altar of Beogh.
 12304 | Orc:2    | Found Diad's Assorted Antiques.
 12315 | Orc:2    | Bought 3 scrolls of identify for 156 gold pieces
 12400 | Orc:2    | Noticed an orc warlord
 12401 | Orc:2    | Noticed an orc high priest
 12407 | Orc:2    | Gained Agrik as an ally
 12410 | Orc:2    | Killed an orc warlord
 12411 | Orc:2    | Reached skill level 18 in Invocations
 12413 | Orc:2    | Killed an orc high priest
 12413 | Orc:2    | Gained Worak as an ally
 12533 | Orc:2    | Found Wivvipha's Antique Armour Emporium.
 12534 | Orc:2    | Found a roughly hewn altar of Beogh.
 12540 | Orc:2    | Found Vepaakh's Antique Weapon Shoppe.
 12595 | Orc:2    | Found a roughly hewn altar of Beogh.
 12595 | Orc:2    | Found Jupsuotriu's Book Shop.
 12688 | Orc:2    | Found a roughly hewn altar of Beogh.
 12741 | Orc:2    | Found a roughly hewn altar of Beogh.
 12863 | Orc:1    | Gained Olfrun as an ally
 13103 | Orc:1    | Noticed Maurice
 13127 | Orc:1    | Killed Maurice
 13151 | Orc:1    | Found a roughly hewn altar of Beogh.
 13319 | Lair:1   | Your ally Agrik died
 13327 | Lair:1   | Reached skill level 19 in Invocations
 13559 | Lair:1   | Reached XP level 13. HP: 86/99 MP: 26/26
 14052 | Lair:1   | Reached ****** piety under Beogh
 14207 | Lair:2   | Reached skill level 20 in Invocations
 14363 | Lair:2   | Killed Nergalle
 15120 | Lair:3   | Found a staircase to the Swamp.
 15129 | Lair:3   | Reached skill level 21 in Invocations
 15228 | Lair:3   | Your ally Argrim died
 15246 | Lair:3   | Gained Brunolf as an ally
 15259 | Lair:3   | Reached skill level 1 in Polearms
 15486 | Lair:3   | Reached skill level 1 in Dodging
 16046 | Lair:4   | Reached skill level 5 in Armour
 16141 | Lair:4   | Reached skill level 5 in Shields
 16158 | Lair:4   | Found a hole to the Spider Nest.
 16461 | Lair:4   | Gained Hawl as an ally
 16773 | Lair:5   | Your ally Hawl died
 16792 | Lair:5   | Reached XP level 14. HP: 59/105 MP: 14/28
 16934 | Lair:5   | You fall into a shaft and drop 1 floor!
 16934 | Lair:6   | Entered Level 6 of the Lair of Beasts
 17028 | Lair:6   | Reached skill level 5 in Polearms
 17219 | Lair:6   | Found a bloodstained altar of Trog.
 17752 | Lair:5   | Identified the +8 plate armour of the Catamount {rF+}
 18032 | Lair:6   | Gained Gorg as an ally
 18319 | Lair:6   | Found a staircase to the Slime Pits.
 18319 | Lair:6   | Found a viscous altar of Jiyva.
 18326 | Lair:6   | Got Odoremon's Collected Works on Fire and Displacement
 18580 | Lair:6   | Reached skill level 5 in Dodging
 18874 | Spider:1 | Entered Level 1 of the Spider Nest
 18877 | Spider:1 | Noticed Agnes
 18877 | Spider:1 | Noticed Azrael
 18880 | Spider:1 | Killed Agnes
 18886 | Spider:1 | Your ally Worak died
 18886 | Spider:1 | Slain by a moth of wrath

Illustrated notes

Levels and vault maps discovered:
D:1:      heliophobic_arrival_battle_scene, layout_loops_corners, hex_tiny,
          kennysheep_crisscross
D:2:      layout_basic
D:3:      layout_rooms, uniq_crazy_yiuf_cottage
D:4:      layout_loops_cross, cheibrodos_ashenzari_chains,
          gup_sewer_entry_bubbles
D:5:      layout_rooms, minmay_temple_entry_crystal_x, chequers_big_river
D:6:      layout_basic, nicolae_sextant, minmay_misc_feat_cross, abandoned_shop,
          glass_columns_b, uniq_pikel
D:7:      minmay_the_grid_square_5x5_3x3 [minmay_the_grid_square_5x5_one_wall,
          minmay_the_grid_square_5x5_checkered_sparse,
          minmay_the_grid_square_5x5_almost_minimal,
          minmay_the_grid_square_5x5_minivault,
          minmay_the_grid_square_5x5_megaprize_checkered,
          minmay_the_grid_square_5x5_n,
          minmay_the_grid_square_5x5_intrusive_squares,
          minmay_the_grid_square_5x5_inner_i,
          minmay_the_grid_square_5x5_moneybag], layout_loops_ring,
          nicolae_overflow_hidden_temple, enter_bailey_5,
          kennysheep_another_room, minmay_misc_feat_hallway, st_stairs_11
D:8:      kennysheep_town
D:9:      layout_rooms, serial_shops, nicolae_shop_trees, uniq_grum
D:10:     layout_roguey, nicolae_hepliaklqana_hippocampus,
          minmay_lair_entry_grove, kennysheep_orc_monster_closet_entryway,
          serial_shops, nicolae_shop_hallway_plus
Lair:1:   layout_hall_layers
Lair:2:   layout_chaotic_city, serial_rivers, chequers_serial_rivers_room_b,
          chequers_serial_rivers_marsh, chequers_serial_rivers_micro_d,
          chequers_serial_rivers_micro_c, chequers_serial_rivers_small_3,
          chequers_serial_rivers_micro_e, grunt_megastairs_1, uniq_nergalle
Lair:3:   layout_gridlike, minmay_swamp_entry_wisps, special_room
          [special_room_bee], serial_bayou_shore_a
Lair:4:   layout_roguey, nicolae_spider_entry_non_spiders
Lair:5:   dragon1_lemuel, layout_gridlike, grunt_megastairs_3
Lair:6:   grunt_lair_end_beastmaster, layout_cellular_growth, slime_altar_1,
          basic_altar, small_statue_intersection, st_stairs_4
Spider:1: layout_spider_delve, nicolae_spider_bzzzt,
          hangedman_spider_tarantella_strand, uniq_agnes, uniq_azrael
Orc:1:    layout_caves, mines1_david, uniq_maurice
Orc:2:    grunt_orc_community_town_hall, layout_diamond_mine,
          grunt_orc_community_big_house_2, grunt_orc_community_big_house_1,
          grunt_orc_community_house_3, grunt_orc_community_house_1,
          grunt_orc_community_house_3, grunt_orc_community_house_2,
          grunt_orc_community_house_3, grunt_orc_community_house_3,
          serial_shops, nicolae_shop_trees

Skill      XL: |  1  2  3  4  5  6  7  8  9 10 11 12 13 14 |
---------------+-------------------------------------------+-----
Axes           | 3 4 |  4.1
Fighting       | 4 |  4.5
Armour         | 4 6 8 |  8.2
Shields        | 4 6 8 |  8.1
Staves         | 2 4 6 9 11 12 | 12.9
Invocations    | 8 14 19 21 | 21.0
Polearms       | 4 6 |  6.9
Dodging        | 3 5 |  5.1

Action                   |  1- 3 |  4- 6 |  7- 9 | 10-12 | 13-15 || total
-------------------------+-------+-------+-------+-------+-------++-------
Melee: War axe           |    96 |    56 |       |       |       ||   152
       Quarterstaff      |       |    59 |   157 |   365 |   426 ||  1007
Invok: Convert to Beogh  |       |     1 |       |       |       ||     1
       Smiting           |       |       |       |     4 |     2 ||     6
       Recall Orcish Fol |       |       |       |     3 |     3 ||     6
       Give Item to Name |       |       |       |       |     1 ||     1
Evoke: Wand              |       |       |     7 |       |       ||     7
  Use: Scroll            |       |    11 |     1 |    12 |     6 ||    30
       Potion            |       |       |     1 |     3 |     3 ||     7
 Stab: Distracted        |       |       |     2 |     6 |     5 ||    13
       Petrifying        |       |       |       |       |     1 ||     1
Armor: Scale mail        |    63 |    48 |    26 |       |       ||   137
       Ring mail         |       |       |    31 |       |       ||    31
       Chain mail        |       |       |    16 |    48 |       ||    64
       Troll leather arm |       |       |       |   133 |   193 ||   326
Dodge: Dodged            |    59 |    61 |    49 |   200 |   260 ||   629
Block: Buckler           |    25 |     9 |       |       |       ||    34
